[Event "Titled Tuesday Blitz October 12 2021"]
[White "Anuj Shrivatri"]
[Black "Obregon, Andres Carlos"]
[WhiteFideId "35070924"]
[BlackFideId "111724"]
[WhiteElo "2038"]
[BlackElo "2572"]
[Result "0-1"]
[Round "07"]
[TimeControl "180+1"]
[Date "2021.10.12"]
[WhiteClock "0:00:18"]
[BlackClock "0:01:08"]

1. e4 e6 2. d4 d5 3. e5 c5 4. c3 Nc6 5. Nf3 Qb6 6. Bd3 Bd7 7. O-O cxd4 8. Nbd2 Nge7 9. Re1 Nf5 10. Nf1 dxc3 11. bxc3 Bc5 12. Qe2 O-O 13. h4 f6 14. exf6 Rxf6 15. Bg5 Rf7 16. Bxf5 Rxf5 17. Ng3 Rf7 18. Rab1 Qc7 19. Be3 Bd6 20. Nf1 Raf8 21. Ng5 Rf6 22. g3 h6 23. Nh3 e5 24. Kg2 Bf5 25. Ng1 Bxb1 26. Rxb1 d4 27. cxd4 exd4 28. Qc4+ Qf7 0-1


[Site "https://www.chess.com"]

[Event "Titled Tuesday Blitz October 12 2021"]
[White "Bluebaum, Matthias"]
[Black "Gasanov, Eldar"]
[WhiteFideId "24651516"]
[BlackFideId "14104466"]
[WhiteElo "2681"]
[BlackElo "2454"]
[Result "1-0"]
[Round "07"]
[TimeControl "180+1"]
[Date "2021.10.12"]
[WhiteClock "0:01:50"]
[BlackClock "0:01:51"]

1. d4 Nf6 2. Nf3 b6 3. Bf4 Bb7 4. e3 g6 5. c4 Bg7 6. Nc3 Ne4 7. Bd3 Nxc3 8. bxc3 d6 9. h4 Nd7 10. e4 e5 11. Bg5 Bf6 12. Qd2 Qe7 13. a4 a5 14. O-O c5 15. Rae1 Bc6 16. Bc2 O-O 17. Nh2 Rfe8 18. Ng4 Bxg5 19. hxg5 Kg7 20. f4 exf4 21. Qxf4 Rf8 22. Nf6 h5 23. gxh6+ Kh8 24. d5 1-0


[Site "https://www.chess.com"]

[Event "Titled Tuesday Blitz October 12 2021"]
[White "Bortnyk, Olexandr"]
[Black "Babazada, Khazar"]
[WhiteFideId "14120828"]
[BlackFideId "13413554"]
[WhiteElo "2723"]
[BlackElo "2302"]
[Result "1-0"]
[Round "07"]
[TimeControl "180+1"]
[Date "2021.10.12"]
[WhiteClock "0:00:26"]
[BlackClock "0:00:45"]

1. e4 e5 2. Nf3 Nc6 3. Bb5 Nf6 4. d3 Bc5 5. O-O Nd4 6. Nxd4 Bxd4 7. Ba4 O-O 8. c3 Bb6 9. Bg5 h6 10. Bh4 g5 11. Bg3 d6 12. Nd2 Bg4 13. Qe1 Nh5 14. Bd1 Qd7 15. a4 a6 16. Nc4 Ba7 17. Bxe5 b5 18. axb5 axb5 19. Rxa7 Rxa7 20. Ne3 Bxd1 21. Qxd1 dxe5 22. Qxh5 Ra6 23. Rd1 Kh7 24. h3 Rd8 25. d4 Qe6 26. d5 Qg6 27. Qf3 h5 28. g4 h4 29. Nf5 Qf6 30. Qe3 Ra2 31. Rd2 Kg6 32. Kg2 Qb6 33. Qf3 Rd7 34. Nxh4+ Kg7 35. Qf5 1-0


[Site "https://www.chess.com"]

[Event "Titled Tuesday Blitz October 12 2021"]
[White "Cabarkapa, Novak"]
[Black "Sviridov, Valery"]
[WhiteFideId "943746"]
[BlackFideId "4120680"]
[WhiteElo "2469"]
[BlackElo "2454"]
[Result "0-1"]
[Round "07"]
[TimeControl "180+1"]
[Date "2021.10.12"]
[WhiteClock "0:00:44"]
[BlackClock "0:01:28"]

1. d4 g6 2. e4 Bg7 3. Nc3 d6 4. Be3 a6 5. Nf3 b5 6. Bd3 Bb7 7. e5 Nd7 8. e6 fxe6 9. Ng5 Nf8 10. O-O Nh6 11. a4 b4 12. Nce4 Qd7 13. Qd2 a5 14. c3 bxc3 15. Qxc3 Nf5 16. Bb5 c6 17. Bc4 h6 18. Nf3 Nh7 19. Ne5 dxe5 20. Nc5 exd4 21. Qb3 Qd6 22. Qxb7 Rb8 23. Qa7 dxe3 24. Nxe6 exf2+ 25. Rxf2 Be5 26. Rxf5 gxf5 27. Rf1 Ng5 28. Rxf5 Nxe6 29. Bxe6 Bd4+ 30. Qxd4 Qxd4+ 31. Kf1 Rxb2 32. Bf7+ Kd8 33. Bb3 Rxb3 34. Rd5+ Qxd5 35. h4 Qd2 36. h5 Rb1# 0-1


[Site "https://www.chess.com"]

[Event "Titled Tuesday Blitz October 12 2021"]
[White "Deac, Bogdan-Daniel"]
[Black "Demchenko, Anton"]
[WhiteFideId "1226380"]
[BlackFideId "4160258"]
[WhiteElo "2605"]
[BlackElo "2583"]
[Result "1-0"]
[Round "07"]
[TimeControl "180+1"]
[Date "2021.10.12"]
[WhiteClock "0:00:03"]
[BlackClock "0:00:04"]

1. e4 e5 2. Nf3 Nc6 3. Bc4 Nf6 4. Ng5 d5 5. exd5 Na5 6. Bb5+ c6 7. dxc6 bxc6 8. Bd3 Nd5 9. Nf3 Bd6 10. O-O O-O 11. Re1 f5 12. Nxe5 Qf6 13. Nf3 g5 14. c4 Nf4 15. Bf1 g4 16. d4 gxf3 17. Qxf3 Ne6 18. Qc3 Qh4 19. h3 c5 20. Qxa5 Nxd4 21. Be3 Bb7 22. Bxd4 Qxd4 23. Qd2 Qf6 24. Nc3 Rad8 25. Nd5 Qg7 26. Re6 Bc8 27. Rxd6 Rxd6 28. Rd1 Kh8 29. Qe3 f4 30. Qxc5 Rg6 31. Nxf4 Rg5 32. Qe3 Rgf5 33. Rd4 Qf6 34. g3 Re5 35. Qd2 Qe7 36. Nd5 Qg7 37. h4 Rfe8 38. Ne3 Bb7 39. Rg4 Qf6 40. Rf4 Qe6 41. Kh2 Qe7 42. Qd4 Rd8 43. Qc3 Kg8 44. Rg4+ Kf8 45. Bg2 Bxg2 46. Kxg2 Re6 47. Qh8+ Kf7 48. Rg7+ Kf6 49. Ng4+ Kf5 50. Qxh7+ 1-0


[Site "https://www.chess.com"]

[Event "Titled Tuesday Blitz October 12 2021"]
[White "Gasanov, Zaur"]
[Black "Assaubayeva, Bibisara"]
[WhiteFideId "34125970"]
[BlackFideId "13708694"]
[WhiteElo "2099"]
[BlackElo "2232"]
[Result "0-1"]
[Round "07"]
[TimeControl "180+1"]
[Date "2021.10.12"]
[WhiteClock "0:00:01"]
[BlackClock "0:00:04"]

1. d4 Nf6 2. Nf3 g6 3. Bf4 Bg7 4. e3 O-O 5. h3 d6 6. Be2 Nfd7 7. O-O e5 8. Bh2 Nc6 9. c4 f5 10. Nc3 e4 11. Nd2 Nf6 12. Rc1 Kh8 13. Qb3 g5 14. Rfd1 Qe8 15. Nd5 Qf7 16. Nxf6 Qxf6 17. c5 Qg6 18. cxd6 cxd6 19. Nc4 f4 20. Bf1 Bh6 21. Qa3 g4 22. Bxf4 Bxf4 23. exf4 gxh3 24. d5 hxg2 25. Bxg2 Rg8 26. Qg3 Ne7 27. Qxg6 Rxg6 28. Kf1 Bg4 29. Ke1 Bxd1 30. Bxe4 Bh5 31. Bxg6 Bxg6 32. Nxd6 Nxd5 33. f5 Bh5 34. Nxb7 Nf4 35. Kd2 Rb8 36. Rc7 Bf3 37. Nd6 Nd5 38. Rd7 Rxb2+ 39. Kc1 Rxa2 40. Nc4 Rxf2 41. Ne5 Be4 42. Rd8+ Kg7 43. Rd7+ Kf8 44. Rxh7 Bxf5 45. Rxa7 Re2 46. Nd7+ Ke8 47. Nb8 Rc2+ 48. Kd1 Ne3+ 49. Ke1 Bd3 50. Ra3 Re2# 0-1


[Site "https://www.chess.com"]

[Event "Titled Tuesday Blitz October 12 2021"]
[White "Holt, Conrad"]
[Black "Smirnov, Pavel"]
[WhiteFideId "2034387"]
[BlackFideId "4123425"]
[WhiteElo "2586"]
[BlackElo "2571"]
[Result "1-0"]
[Round "07"]
[TimeControl "180+1"]
[Date "2021.10.12"]
[WhiteClock "0:00:23"]
[BlackClock "0:00:15"]

1. d4 Nf6 2. c4 e6 3. Nc3 Bb4 4. Qc2 O-O 5. e4 d5 6. e5 Ne4 7. Bd3 c5 8. Nf3 cxd4 9. Nxd4 Nd7 10. Bf4 Qh4 11. g3 Qh5 12. O-O Bxc3 13. bxc3 g5 14. cxd5 exd5 15. Be2 Qh3 16. Be3 Nxe5 17. Bxg5 Bg4 18. Bf4 Bxe2 19. Qxe2 Ng6 20. Be3 Rfe8 21. Rac1 Rac8 22. Qf3 Re5 23. Qg2 1-0


[Site "https://www.chess.com"]

[Event "Titled Tuesday Blitz October 12 2021"]
[White "Ibrahimli, Murad"]
[Black "Cunha, Lucas Aguiar"]
[WhiteFideId "13410229"]
[BlackFideId "2125404"]
[WhiteElo "2109"]
[BlackElo "2361"]
[Result "0-1"]
[Round "07"]
[TimeControl "180+1"]
[Date "2021.10.12"]
[WhiteClock "0:00:08"]
[BlackClock "0:00:16"]

1. d4 Nf6 2. c4 e6 3. g3 d5 4. Bg2 dxc4 5. Nf3 c5 6. O-O Nc6 7. Ne5 Bd7 8. Na3 cxd4 9. Naxc4 Rc8 10. Bf4 Nxe5 11. Nxe5 Bc6 12. Nxc6 bxc6 13. Rc1 Qd7 14. Qa4 c5 15. Qa6 Nd5 16. Be5 Rc6 17. Qc4 Rb6 18. a3 f6 19. Bf4 Rxb2 20. Rb1 Rb6 21. Bd2 Be7 22. Ba5 Rxb1 23. Rxb1 Kf7 24. Bh3 f5 25. Bg2 Rc8 26. h4 Qc6 27. h5 Bd6 28. Bf3 Rb8 29. Rc1 Rb5 30. Bd2 Qb7 31. Rc2 Rb1+ 32. Kg2 Qb3 33. Qxb3 Rxb3 34. a4 Nc3 35. a5 Kf6 36. Bc6 e5 37. Bxc3 dxc3 38. e4 fxe4 39. Bxe4 Bc7 40. a6 h6 41. Bd5 Ra3 42. Bc4 Ba5 43. Kf3 Ra1 44. Ke4 Rd1 45. Be2 Rd2 46. Rxd2 cxd2 47. Kd5 Bb6 48. f3 Bc7 49. Kxc5 Bb6+ 50. Kc6 Bf2 51. g4 Kg5 52. Kd5 Kf4 53. Bd1 Bb6 54. Ke6 e4 55. fxe4 Kxe4 56. Kf7 Bd4 57. Kg6 Ke3 58. Kf5 Kf2 59. Ke4 Ke1 60. Bb3 Bf6 61. Kf5 d1=Q 0-1


[Site "https://www.chess.com"]

[Event "Titled Tuesday Blitz October 12 2021"]
[White "Jacobson, Brandon"]
[Black "Moskalenko, Alexander"]
[WhiteFideId "30901561"]
[BlackFideId "4155351"]
[WhiteElo "2362"]
[BlackElo "2515"]
[Result "0-1"]
[Round "07"]
[TimeControl "180+1"]
[Date "2021.10.12"]
[WhiteClock "0:00:04"]
[BlackClock "0:00:17"]

1. d4 Nf6 2. c4 e6 3. Nf3 b6 4. g3 Bb7 5. Bg2 Be7 6. O-O O-O 7. Re1 Na6 8. h4 c5 9. d5 exd5 10. Nh2 Nc7 11. Nc3 d6 12. cxd5 b5 13. e4 Nd7 14. h5 Re8 15. Ng4 Nf6 16. Ne3 b4 17. Ne2 Bf8 18. Qc2 Nxh5 19. Bf3 Nf6 20. Nc4 Nb5 21. a4 Nd4 22. Nxd4 cxd4 23. Bf4 Rc8 24. Qd3 Ba6 25. Rac1 Nxd5 26. exd5 Rxe1+ 27. Rxe1 Bxc4 28. Qxd4 a5 29. Rc1 Bb3 30. Rxc8 Qxc8 31. Qb6 Qc5 32. Qd8 Bxd5 33. Be3 Qc2 34. Bxd5 Qd1+ 35. Kh2 Qxd5 36. Bb6 Qb3 37. Bxa5 Qxa4 38. Qb6 b3 39. Bc3 h5 40. Qb8 h4 41. gxh4 Qxh4+ 42. Kg2 Qg4+ 43. Kf1 Qc4+ 44. Kg2 d5 45. Be5 d4 46. Kh2 Qd5 47. Bf4 d3 48. Bd2 Qd6+ 49. Qxd6 Bxd6+ 50. Kg2 Be5 51. Kf3 Bxb2 52. Bc3 Bxc3 0-1


[Site "https://www.chess.com"]

[Event "Titled Tuesday Blitz October 12 2021"]
[White "Kamsky, Gata"]
[Black "Zarnicki, Pablo"]
[WhiteFideId "2000024"]
[BlackFideId "100137"]
[WhiteElo "2603"]
[BlackElo "2467"]
[Result "1/2-1/2"]
[Round "07"]
[TimeControl "180+1"]
[Date "2021.10.12"]
[WhiteClock "0:00:36"]
[BlackClock "0:00:54"]

1. d4 Nf6 2. Nf3 g6 3. c3 Bg7 4. Bg5 O-O 5. Nbd2 d6 6. e4 Nbd7 7. Bd3 e5 8. O-O c6 9. Re1 Qc7 10. a4 a5 11. Qc2 h6 12. Bh4 Nh5 13. Nc4 exd4 14. cxd4 d5 15. exd5 cxd5 16. Ne3 Qxc2 17. Bxc2 g5 18. Bg3 Nxg3 19. hxg3 Nb6 20. Bf5 Be6 21. b3 Rac8 22. Rac1 Rxc1 23. Rxc1 Rc8 24. Rxc8+ Nxc8 25. Kf1 Nd6 26. g4 Kf8 27. Bxe6 fxe6 28. Ke2 Ne4 29. Nc2 Ke7 30. Nfe1 Kd6 31. Nd3 Nf6 32. f3 Nd7 33. Ke3 Bf6 34. g3 b6 35. f4 Nb8 36. Ne5 Ke7 37. Ne1 Nd7 38. Nxd7 Kxd7 39. Nf3 1/2-1/2


[Site "https://www.chess.com"]

[Event "Titled Tuesday Blitz October 12 2021"]
[White "Karttunen, Mika"]
[Black "Kollars, Dmitrij"]
[WhiteFideId "502081"]
[BlackFideId "12909572"]
[WhiteElo "2343"]
[BlackElo "2584"]
[Result "1-0"]
[Round "07"]
[TimeControl "180+1"]
[Date "2021.10.12"]
[WhiteClock "0:00:02"]
[BlackClock "0:00:02"]

1. c4 Nf6 2. d4 g6 3. f3 Bg7 4. e4 O-O 5. Be3 d6 6. Nc3 c5 7. d5 Nbd7 8. Nge2 Ne5 9. Ng3 h5 10. Be2 h4 11. Nf1 e6 12. Nd2 exd5 13. cxd5 a6 14. a4 Bd7 15. O-O b5 16. axb5 axb5 17. Rxa8 Qxa8 18. Bxb5 Bxb5 19. Nxb5 Qb8 20. Qe2 h3 21. g3 c4 22. Na3 Qxb2 23. Naxc4 Nxc4 24. Qxc4 Nd7 25. Rb1 Qa3 26. Rb3 Qa5 27. Rb5 Qa8 28. Qc6 Qa2 29. Qc4 Qa3 30. Rb3 Qa5 31. Rb5 Qd8 32. Qf1 Ne5 33. Qxh3 Qc7 34. Qf1 Qc3 35. Rb3 Qc2 36. h3 f5 37. exf5 Rxf5 38. f4 Nf7 39. Qc4 Qd1+ 40. Qf1 Qc2 41. Qc4 Qxc4 42. Nxc4 Rxd5 43. Kf2 Rd1 44. Ke2 Rh1 45. h4 d5 46. Nd2 Nd6 47. Rd3 Rh2+ 48. Bf2 Ne4 49. Nxe4 dxe4 50. Rd7 Bf8 51. Kf1 Rh1+ 52. Ke2 Ra1 53. Bd4 Ra3 54. Be3 Ra4 55. Rc7 Ra2+ 56. Kf1 Ra3 57. Ke2 Rb3 58. Kf2 Rb2+ 59. Ke1 Bb4+ 60. Kf1 Rb1+ 61. Ke2 Be1 62. g4 Bxh4 63. f5 Re1+ 64. Kd2 g5 65. Rc4 1-0


[Site "https://www.chess.com"]

[Event "Titled Tuesday Blitz October 12 2021"]
[White "King, Alexander"]
[Black "Begmuratov, Khumoyun"]
[WhiteFideId "2063620"]
[BlackFideId "14210207"]
[WhiteElo "2306"]
[BlackElo "1948"]
[Result "1-0"]
[Round "07"]
[TimeControl "180+1"]
[Date "2021.10.12"]
[WhiteClock "0:00:12"]
[BlackClock "0:00:19"]

1. d4 Nf6 2. c4 g6 3. Nc3 Bg7 4. e4 d6 5. Nge2 O-O 6. f3 c5 7. d5 a6 8. a4 Nbd7 9. Ng3 h5 10. Be2 e5 11. Bg5 Qe8 12. O-O Nh7 13. Be3 f5 14. exf5 gxf5 15. f4 h4 16. Nh5 Bh6 17. Qd2 e4 18. Bf2 Qe7 19. Qe1 h3 20. gxh3 Ndf6 21. Bh4 Qf7 22. Ng3 Bd7 23. Nd1 Ne8 24. Ne3 Ng7 25. a5 Rfe8 26. b4 Rac8 27. Rb1 Nf8 28. bxc5 Rxc5 29. Rxb7 Rcc8 30. Qb4 Qg6 31. Rb6 Qh7 32. Qxd6 Bxf4 33. Rxf4 Ba4 34. Qh6 Qxh6 35. Rxh6 Rb8 36. Rxa6 Bd7 37. Bf6 Ng6 38. Rxf5 Nxf5 39. Ngxf5 Nf4 40. Bg4 Nd3 41. Kg2 Kf7 42. Bd4 Bxf5 43. Nxf5 Nf4+ 44. Kg3 Nd3 45. Rf6+ Kg8 46. Rg6+ Kf7 47. Bh5 Rg8 48. Nh6+ Ke7 49. Nxg8+ Kd7 50. c5 Rb3 51. c6+ Kc7 52. Bb6+ Kb8 53. Kg4 Ne5+ 54. Kf5 Nxg6 55. Kxg6 e3 56. Bxe3 Rxe3 57. Nf6 Kc7 58. Bg4 Ra3 59. Be6 Rxa5 60. h4 Ra2 61. h5 Rg2+ 62. Ng4 Kd6 63. h6 Ra2 64. h7 Ra8 65. Bg8 Ra4 66. Nf6 Rh4 67. Nh5 Rg4+ 68. Kh6 Rg2 69. h8=Q Rxh2 70. Qf6+ Kc5 71. Qc3+ Kd6 72. Qg3+ Kc5 73. Qxh2 Kb6 74. Qd6 Kb5 75. c7 Kc4 76. c8=Q+ Kd3 77. Qg3+ Ke2 78. Qe6+ Kf1 79. Qee1# 1-0


[Site "https://www.chess.com"]

[Event "Titled Tuesday Blitz October 12 2021"]
[White "Koksik_13"]
[Black "Ismagilov, Damir"]
[BlackFideId "34199982"]
[WhiteElo "2715"]
[BlackElo "2034"]
[Result "1-0"]
[Round "07"]
[TimeControl "180+1"]
[Date "2021.10.12"]
[WhiteClock "0:01:29"]
[BlackClock "0:00:07"]

1. d4 d5 2. Nc3 Nf6 3. Bf4 c5 4. e3 a6 5. Nf3 Nc6 6. Ne5 e6 7. Nxc6 bxc6 8. Be2 Bd6 9. Bg3 O-O 10. O-O Bxg3 11. hxg3 cxd4 12. exd4 Qd6 13. Na4 e5 14. dxe5 Qxe5 15. c3 Qd6 16. Qd4 Nd7 17. Rad1 Bb7 18. b4 Rae8 19. Bf3 Ne5 20. c4 Qxb4 21. Nc5 Bc8 22. cxd5 Qxd4 23. Rxd4 Nxf3+ 24. gxf3 cxd5 25. Rxd5 Re2 26. a4 Be6 27. Rd6 Bc8 28. Nxa6 Bb7 29. Kg2 g5 30. Nc5 Ba8 31. g4 h5 32. Nd7 Rc8 33. Nf6+ Kf8 34. Nxh5 Ke7 35. Rd3 Rcc2 36. Kg3 Bc6 37. a5 Bb5 38. Rb3 Bc4 39. Rb4 Red2 40. Re1+ Kd8 41. Re4 Rxf2 42. Rd4+ Ke7 43. f4 Rg2+ 44. Kf3 Rgf2+ 45. Ke4 Be6 46. Rb7+ Ke8 47. Ke5 gxf4 48. Kf6 Rb2 49. Ng7+ Kf8 50. Rd8# 1-0


[Site "https://www.chess.com"]

[Event "Titled Tuesday Blitz October 12 2021"]
[White "Kovalev, Vladislav"]
[Black "Bartel, Michal"]
[WhiteFideId "13504398"]
[BlackFideId "1119257"]
[WhiteElo "2573"]
[BlackElo "2211"]
[Result "1-0"]
[Round "07"]
[TimeControl "180+1"]
[Date "2021.10.12"]
[WhiteClock "0:00:06"]
[BlackClock "0:00:10"]

1. e4 e5 2. Nf3 Nc6 3. Bb5 g6 4. d4 exd4 5. Bg5 Be7 6. Bxe7 Qxe7 7. O-O Qb4 8. Bxc6 dxc6 9. Qxd4 Qxd4 10. Nxd4 Nf6 11. f3 Bd7 12. Nc3 O-O-O 13. Rad1 c5 14. Nde2 Be6 15. Rxd8+ Rxd8 16. Kf2 Nd7 17. Nf4 Bc4 18. Rd1 c6 19. b3 Be6 20. Nxe6 fxe6 21. Ke3 Kc7 22. h4 Rf8 23. Ne2 e5 24. Nc1 b5 25. Rh1 a5 26. h5 g5 27. h6 Rf6 28. Nd3 Kd6 29. Nf2 Nf8 30. Ng4 Re6 31. a4 Re7 32. Rd1+ Kc7 33. c4 b4 34. g3 Ng6 35. Nf6 Nf8 36. Ng4 Ng6 37. Rh1 Rd7 38. Rh5 Rd1 39. Rxg5 Rb1 40. Nxe5 Rxb3+ 41. Ke2 Rb2+ 42. Kd3 Nf8 43. Rg7+ Kd6 44. f4 Rb3+ 45. Kd2 Rb2+ 46. Kc1 Re2 47. Rf7 Ng6 48. Rxh7 Nxe5 49. fxe5+ Kxe5 50. Rh8 Kd4 51. Rd8+ Kc3 52. h7 b3 53. h8=Q+ Kxc4 54. Rd2 Re1+ 55. Kb2 Re3 56. Qg8+ Kb4 57. Qf8 Rc3 58. Qb8+ Kxa4 59. Kxc3 c4 60. Kxc4 Ka3 61. Qxb3# 1-0


[Site "https://www.chess.com"]

[Event "Titled Tuesday Blitz October 12 2021"]
[White "Lazavik, Denis"]
[Black "Sydoryka, Vladyslav"]
[WhiteFideId "13515110"]
[BlackFideId "14145928"]
[WhiteElo "2436"]
[BlackElo "2282"]
[Result "1-0"]
[Round "07"]
[TimeControl "180+1"]
[Date "2021.10.12"]
[WhiteClock "0:00:05"]
[BlackClock "0:00:02"]

1. d4 Nf6 2. c4 e6 3. Nf3 d5 4. Nc3 Bb4 5. Bg5 dxc4 6. e4 c5 7. Bxc4 cxd4 8. Nxd4 Bxc3+ 9. bxc3 Qa5 10. Bb5+ Nbd7 11. Bxf6 Qxc3+ 12. Kf1 gxf6 13. h4 a6 14. Rh3 Qa5 15. Be2 Nc5 16. Nb3 Nxb3 17. Rxb3 Ke7 18. Qc1 Rd8 19. a4 Qd2 20. Qc7+ Rd7 21. Qg3 Qd6 22. f4 e5 23. f5 Rb8 24. Rc1 Rc7 25. Rd1 Qc6 26. Qe3 Bd7 27. Rb6 Qc3 28. Qh6 Bc6 29. Bf3 Qc5 30. Rbb1 Rbc8 31. Rbc1 Qa5 32. Kg1 Rd7 33. Rxd7+ Bxd7 34. Rxc8 Bxc8 35. Qxh7 Qxa4 36. Kh2 Bd7 37. h5 Qa1 38. Qh6 Qe1 39. Qg7 Qh4+ 40. Kg1 a5 41. h6 a4 42. g3 Qh3 43. h7 a3 44. h8=Q Qxh8 45. Qxh8 Be8 46. Qh2 b5 47. Qa2 b4 48. Qb3 Kd8 49. Qxb4 a2 50. Qa3 1-0


[Site "https://www.chess.com"]

[Event "Titled Tuesday Blitz October 12 2021"]
[White "Le, Tuan Minh"]
[Black "Rasulov, Vugar"]
[WhiteFideId "12401153"]
[BlackFideId "13402390"]
[WhiteElo "2450"]
[BlackElo "2560"]
[Result "1-0"]
[Round "07"]
[TimeControl "180+1"]
[Date "2021.10.12"]
[WhiteClock "0:00:06"]
[BlackClock "0:00:04"]

1. d4 Nf6 2. Nf3 g6 3. Bg5 Bg7 4. Nbd2 O-O 5. c3 d5 6. e3 c5 7. Bd3 cxd4 8. exd4 Nc6 9. O-O Bf5 10. Nb3 Bxd3 11. Qxd3 Ne4 12. Bf4 Qb6 13. Rab1 a5 14. Nbd2 f5 15. Rfe1 e6 16. a4 h6 17. Nf1 g5 18. Bc1 Qa6 19. Qxa6 Rxa6 20. N3d2 Kf7 21. Nb3 Rb6 22. Nfd2 Rc8 23. f3 Nd6 24. Nc5 Nxd4 25. Nd7 Rbc6 26. cxd4 Bxd4+ 27. Kh1 Ke7 28. Nb3 Bg7 29. Ne5 Rb6 30. Nd4 Bxe5 31. Rxe5 Nc4 32. Re2 Kf6 33. b3 e5 34. Nb5 Nd6 35. Bb2 Nxb5 36. Bxe5+ Kg6 37. axb5 Rxb5 38. h4 a4 39. Reb2 a3 40. Ra2 Ra8 41. Bd6 d4 42. Rxa3 Rd8 43. Bg3 d3 44. Rd1 Rc5 45. b4 Rcd5 46. Kg1 b5 47. Kf1 f4 48. Bf2 Kf5 49. Rc3 g4 50. fxg4+ Kxg4 51. Rc5 R5d6 52. Rxb5 Ra8 53. Ra5 Rc8 54. Ra3 Rc2 55. Raxd3 Re6 56. R3d2 Rc4 57. Rb2 Re8 58. b5 f3 59. gxf3+ Kxf3 60. Rb3+ Kg4 61. Rd4+ Rxd4 62. Bxd4 Rd8 63. b6 Rb8 64. b7 1-0


[Site "https://www.chess.com"]

[Event "Titled Tuesday Blitz October 12 2021"]
[White "Maksimovic, Bojan"]
[Black "Stoleriu, George"]
[WhiteFideId "14408120"]
[BlackFideId "1227505"]
[WhiteElo "2439"]
[BlackElo "2199"]
[Result "0-1"]
[Round "07"]
[TimeControl "180+1"]
[Date "2021.10.12"]
[WhiteClock "0:00:03"]
[BlackClock "0:00:32"]

1. e4 e6 2. d4 d5 3. Nc3 Bb4 4. e5 c5 5. a3 Bxc3+ 6. bxc3 Qc7 7. Nf3 Ne7 8. a4 b6 9. Bb5+ Bd7 10. Bd3 Nbc6 11. O-O Na5 12. Qd2 h6 13. h4 Nc4 14. Qf4 Nc6 15. h5 N6a5 16. Qg4 O-O-O 17. Qxg7 Rdg8 18. Qf6 Qd8 19. Qxd8+ Kxd8 20. g3 Kc7 21. Kg2 Nc6 22. Rh1 cxd4 23. cxd4 Nb4 24. Ba3 Nxd3 25. cxd3 Nxa3 26. Rxa3 Kb7 27. Rc1 Rc8 28. Rxc8 Rxc8 29. Nh2 a5 30. Ng4 Rh8 31. f4 Ka6 32. Nf6 Bc6 33. Kf3 b5 34. axb5+ Bxb5 35. Ke3 a4 36. Kd2 Ka5 37. Ra1 Kb4 38. Rb1+ Ka5 39. Kc3 Rc8+ 40. Kb2 Bxd3 41. Rd1 Rc2+ 42. Ka1 Be2 43. Rb1 Bc4 44. Rb8 a3 45. Ra8+ Kb4 46. Rb8+ Kc3 47. Rb1 Ra2# 0-1


[Site "https://www.chess.com"]

[Event "Titled Tuesday Blitz October 12 2021"]
[White "Maly, Alexey"]
[Black "Rozen, Eytan"]
[WhiteFideId "14103184"]
[BlackFideId "2816750"]
[WhiteElo "2294"]
[BlackElo "2115"]
[Result "1-0"]
[Round "07"]
[TimeControl "180+1"]
[Date "2021.10.12"]
[WhiteClock "0:00:42"]
[BlackClock "0:00:02"]

1. d4 d5 2. c4 dxc4 3. e3 Nf6 4. Bxc4 e6 5. Nf3 c5 6. O-O a6 7. b3 Nc6 8. Bb2 Be7 9. Qe2 cxd4 10. Nxd4 Bd7 11. Nd2 O-O 12. N2f3 Qa5 13. Nxc6 Bxc6 14. Ne5 Bd5 15. Rfd1 Rfd8 16. a4 Bxc4 17. Nxc4 Qf5 18. h3 Rac8 19. Rxd8+ Rxd8 20. Rd1 Rxd1+ 21. Qxd1 Qd5 22. Qxd5 Nxd5 23. Kf1 Bb4 24. Ke2 f6 25. Kd3 Kf7 26. f3 h5 27. Ba3 Bxa3 28. Nxa3 Ke7 29. g4 h4 30. Nc4 b5 31. axb5 axb5 32. Na3 Nc7 33. Nc2 Kd6 34. f4 e5 35. f5 Na6 36. b4 Kc6 37. e4 Kd6 38. Kc3 Nb8 39. Ne3 Nc6 40. Ng2 Nd4 41. Nxh4 Ne2+ 42. Kd3 Nf4+ 43. Ke3 Nxh3 44. Nf3 Nf4 45. g5 Nh3 46. g6 Nf4 47. Nh2 Ng2+ 48. Kd2 Nf4 49. Ng4 Ke7 50. Ke3 Ng2+ 51. Kd2 Nf4 52. Ne3 Kd6 53. Nd1 Nh3 54. Ke3 Nf4 55. Kd2 Kc6 56. Nc3 Kb6 57. Ke3 Kc6 58. Nd1 Kb6 59. Nf2 Kc6 60. Ng4 Ng2+ 61. Kd2 Kd6 62. Nxf6 Nh4 63. Nh5 Nf3+ 64. Ke3 Ng5 65. Nxg7 Ke7 66. Nh5 1-0


[Site "https://www.chess.com"]

[Event "Titled Tuesday Blitz October 12 2021"]
[White "Mikhalevski, Victor"]
[Black "Karpeshov, Oleg"]
[WhiteFideId "2801914"]
[BlackFideId "4106814"]
[WhiteElo "2577"]
[BlackElo "2354"]
[Result "1-0"]
[Round "07"]
[TimeControl "180+1"]
[Date "2021.10.12"]
[WhiteClock "0:00:12"]
[BlackClock "0:00:17"]

1. d4 Nf6 2. c4 e6 3. g3 Bb4+ 4. Nd2 O-O 5. Bg2 c5 6. Nf3 d5 7. O-O cxd4 8. Nxd4 Nc6 9. Nxc6 bxc6 10. Nf3 Qe7 11. Qc2 Bd6 12. b3 e5 13. Bb2 d4 14. Rfe1 Rb8 15. e3 d3 16. Qd1 e4 17. Bxf6 gxf6 18. Nd4 Bd7 19. Qh5 Qe5 20. Qh4 f5 21. f3 c5 22. Nb5 Bxb5 23. cxb5 Rfe8 24. Rf1 c4 25. bxc4 Bc5 26. Qg5+ Qg7 27. Qxf5 Bxe3+ 28. Kh1 Re5 29. Qd7 Rh5 30. Qd6 Re8 31. fxe4 Bd4 32. Rad1 Be5 33. Qxd3 Bxg3 34. h3 Be5 35. Rg1 Kh8 36. Qf3 Rg5 37. Rd7 Rf8 38. c5 Rg3 39. Qf5 Rg5 40. Qf2 Qh6 41. Rxf7 Rfg8 42. Rf3 Bg3 43. Qe3 Be5 44. b6 Qg6 45. Qd2 Rxg2 46. Qxg2 Qxg2+ 47. Rxg2 Rd8 48. Rf5 Rd1+ 49. Rg1 1-0


[Site "https://www.chess.com"]

[Event "Titled Tuesday Blitz October 12 2021"]
[White "Molina, Roberto Junio Brito"]
[Black "Jobava, Baadur"]
[WhiteFideId "2109450"]
[BlackFideId "13601520"]
[WhiteElo "2402"]
[BlackElo "2731"]
[Result "1-0"]
[Round "07"]
[TimeControl "180+1"]
[Date "2021.10.12"]
[WhiteClock "0:00:09"]
[BlackClock "0:00:57"]

1. d4 Nf6 2. c4 g6 3. Nc3 Bg7 4. e4 O-O 5. Nf3 c6 6. Be2 d5 7. e5 Ne8 8. O-O Nc7 9. Be3 dxc4 10. Bxc4 Nd7 11. Bb3 Nb6 12. h3 Be6 13. Qe2 Qc8 14. Ng5 Bxb3 15. axb3 Ne6 16. Nge4 Rd8 17. Rad1 Nd5 18. Nxd5 Rxd5 19. f4 Qd8 20. Nc3 Rd7 21. Qf2 f5 22. g4 Nc7 23. gxf5 gxf5 24. Kh2 e6 25. Rg1 Kh8 26. Rg2 Rf7 27. Rdg1 Qe7 28. Qf3 Rg8 29. Qh5 Rff8 30. Bf2 Qf7 31. Qxf7 Rxf7 32. Bh4 Rgf8 33. Kg3 Rd7 34. Kf3 Rff7 35. Bf6 Kg8 36. h4 Kf8 37. Bxg7+ Rxg7 38. Ke3 Rxg2 39. Rxg2 Na6 40. Na4 Rd5 41. Nc3 Ra5 42. h5 Ra1 43. h6 Rh1 44. Rg7 Rxh6 45. Rxb7 Rh3+ 46. Kd2 Rh2+ 47. Kd3 Rxb2 48. Kc4 h5 49. Rxa7 h4 50. Rxa6 h3 51. Ra1 h2 52. Rh1 Kg7 53. Na4 Rf2 54. Kc5 Kg6 55. Kxc6 Kh5 56. Nc5 Kg4 57. b4 Kxf4 58. b5 Kg3 59. b6 Rb2 60. b7 Kg2 61. Rxh2+ Kxh2 62. Nxe6 Kg3 63. d5 f4 64. Nxf4 Kxf4 65. e6 Ke5 66. e7 Rc2+ 67. Kd7 Kxd5 68. e8=Q Rb2 69. b8=Q 1-0


[Site "https://www.chess.com"]

[Event "Titled Tuesday Blitz October 12 2021"]
[White "Moroni, Luca Jr"]
[Black "Sinitsina, Anastassia"]
[WhiteFideId "865834"]
[BlackFideId "4504640"]
[WhiteElo "2491"]
[BlackElo "2161"]
[Result "1-0"]
[Round "07"]
[TimeControl "180+1"]
[Date "2021.10.12"]
[WhiteClock "0:00:17"]
[BlackClock "0:00:12"]

1. d4 Nf6 2. c4 g6 3. Nc3 Bg7 4. e4 d6 5. Bd3 O-O 6. Nge2 Na6 7. O-O e5 8. d5 Nc5 9. Bc2 a5 10. a3 Ne8 11. Be3 f5 12. exf5 gxf5 13. f4 Qe7 14. fxe5 dxe5 15. d6 Qxd6 16. Qd5+ Qxd5 17. Nxd5 Na6 18. Ne7+ Kh8 19. Nxc8 Rxc8 20. Bxf5 Rd8 21. Nc3 Nd6 22. Bd3 e4 23. Be2 Nf5 24. Bg5 Rde8 25. Bh5 Re5 26. g4 Nd6 27. Rxf8+ Bxf8 28. Bf6+ Bg7 29. Bxe5 Bxe5 30. g5 Nc5 31. Be2 Kg7 32. Rf1 Kg6 33. h4 h6 34. gxh6 Kxh6 35. Kg2 Kg6 36. h5+ Kg5 37. Kh3 Nf5 38. b4 axb4 39. axb4 Bxc3 40. bxc5 Bd4 41. Rb1 Bxc5 42. Rxb7 Bd6 43. Rb8 Kh6 44. Re8 Nd4 45. Rxe4 Nxe2 46. Rxe2 Kxh5 47. Rg2 Be5 48. Rg8 Bd6 49. Kg2 Kh6 50. Kf3 Kh7 51. Rg2 Be5 52. Ke4 Bd6 53. Kd5 1-0


[Site "https://www.chess.com"]